 Dungeon Crawl Stone Soup version 0.24.0-13-gcf9b3192b9 (webtiles) character file.

Game seed: 10804264372126337292, levelgen mode: deterministic

97 Monsterracer the Skirmisher (level 4, -2/41 HPs)
             Began as a Draconian Chaos Knight on Nov 6, 2019.
             Was an Initiate of Cheibriados.
             Slain by a gnoll
             ... wielding a +3 halberd
              (9 damage)
             ... on level 3 of the Dungeon.
             The game lasted 00:01:53 (2188 turns).

Monsterracer the Skirmisher (DrCK)                  Turns: 2188, Time: 00:01:53

Health: -2/41      AC:  5    Str: 16    XL:     4   Next: 42%
Magic:  4/4        EV: 12    Int: 13    God:    Cheibriados [......]
Gold:   80         SH:  0    Dex: 12    Spells: 3/3 levels left

rFire    . . .     SeeInvis .   m - +1 short sword (freeze)
rCold    . . .     Gourm    .   (no shield)
rNeg     . . .     Faith    .   (armour unavailable)
rPois    .         Spirit   .   (helmet restricted)
rElec    .         Reflect  .   (no cloak)
rCorr    .         Harm     .   (no gloves)
MR       .....                  (no boots)
Stlth    ++........             s - amulet of the acrobat
HPRegen  0.13/turn              l - ring of stealth
MPRegen  0.09/turn              (no ring)

@: very slow
A: unfitting armour, cold-blooded, AC +5
a: Bend Time, Renounce Religion


You were on level 3 of the Dungeon.
You worshipped Cheibriados.
Cheibriados was noncommittal.
You were not hungry.

You visited 1 branch of the dungeon, and saw 3 of its levels.

You collected 80 gold pieces.

Inventory:

Hand Weapons
 a - a +0 spear of chaos
 m - a +1 short sword of freezing (weapon)
   (You took it off a kobold on level 2 of the Dungeon)
Jewellery
 l - a ring of stealth (left hand)
   (You found it on level 2 of the Dungeon)
 s - an amulet of the acrobat (around neck)
   (You found it on level 2 of the Dungeon)
Wands
 o - a wand of paralysis (8)
   (You found it on level 2 of the Dungeon)
Scrolls
 d - 4 scrolls of identify {unknown}
 e - 3 scrolls of amnesia {unknown}
 g - a scroll of immolation {unknown}
 j - 3 scrolls of teleportation {unknown}
 k - a scroll of magic mapping {unknown}
 r - a scroll of remove curse {unknown}
Potions
 b - a potion of magic {unknown}
 f - 4 potions of haste {unknown}
 h - a potion of invisibility
 i - a potion of agility {unknown}
 n - a potion of degeneration {unknown}
 p - a potion of mutation {unknown}
Comestibles
 c - 6 rations


   Skills:
 + Level 4.7 Fighting
 - Level 4.3 Polearms
 - Level 2.1 Dodging


You had 3 spell levels left.
You didn't know any spells.
Your spell library was empty.

Dungeon Overview and Level Annotations

Branches:
Dungeon (3/15)

Altars:
Ashenzari
Cheibriados
Qazlal
Vehumet


Innate Abilities, Weirdness & Mutations

Your plain brown scales are hard. (AC +5)
You cannot fit into any form of body armour.
You are cold-blooded and may be slowed by cold attacks.


Message History

You hit the bat but do no damage.
The bat is severely wounded.
The bat barely misses you. The bat hits you.
The bat hits you but does no damage. The bat completely misses you.
A bat is nearby!
You miss the bat.
Your tail-slap misses the bat.
The bat is severely wounded.
The bat hits you.
You hit the bat. You freeze the bat.
You kill the bat!
Cheibriados thoroughly appreciates the change of pace.
No target in view!
HP restored.
All of the chunks of flesh in your inventory have rotted away.
j - 3 scrolls labeled KOCHUOTS WEATI (gained 1)
An adder comes into view.
An adder is nearby!
An adder is nearby!
Found a scroll labeled YSKUEDDUTTI.
An adder is nearby!
An adder is nearby!
An adder is nearby!
An adder is nearby!
An adder is nearby!
The adder hisses angrily.
The adder misses you.
You hit the adder. You freeze the adder.
The adder is moderately wounded.
The adder misses you.
An adder is nearby!
You barely miss the adder.
The adder is moderately wounded.
The adder bites you. x2
You hit the adder. You freeze the adder.
Your tail-slap misses the adder.
The adder is heavily wounded.
The adder bites you but does no damage.
An adder is nearby!
You hit the adder. You freeze the adder.
You kill the adder!
Cheibriados appreciates the change of pace.
No target in view!
e - 3 scrolls labeled YSKUEDDUTTI (gained 1)
d - 4 scrolls labeled GESSIRCHIQOO (gained 1)
You are feeling hungry.
You butcher the adder corpse.
q - a chunk of flesh You see here an adder skeleton. x2
Eating a chunk of flesh.
You eat the chunk of flesh.
This raw flesh tastes terrible.
A leopard gecko comes into view.
A gnoll comes into view. It is wielding a +3 halberd.
The gnoll shouts!
You hear a shout!
The leopard gecko hisses angrily.
A gnoll comes into view. It is wielding a +0 flail.
The leopard gecko misses you. The leopard gecko barely misses you.
A gnoll comes into view.
The gnoll shouts!
You hit the leopard gecko.
The leopard gecko seems to slow down.
You freeze the leopard gecko.
The leopard gecko is moderately wounded.
The leopard gecko bites you but does no damage.
You closely miss the leopard gecko.
You tail-slap the leopard gecko, but do no damage.
The leopard gecko is moderately wounded.
The gnoll misses you. The leopard gecko misses you.
You hit the leopard gecko.
The leopard gecko seems to slow down.
You freeze the leopard gecko.
You kill the leopard gecko!
Cheibriados appreciates the change of pace.
The gnoll closely misses you.
You hit the gnoll. You freeze the gnoll.
The gnoll is moderately wounded.
The gnoll hits you with a +0 flail. The gnoll barely misses you.
You hit the gnoll. You freeze the gnoll.
The gnoll is severely wounded.
The gnoll closely misses you. x2
You hit the gnoll. You freeze the gnoll.
You kill the gnoll!
Cheibriados thoroughly appreciates the change of pace.
The gnoll hits you from afar with a +3 halberd!
* * * LOW HITPOINT WARNING * * *
You hit the gnoll. You freeze the gnoll.
The gnoll is moderately wounded.
The gnoll hits you.
* * * LOW HITPOINT WARNING * * *
Evoke which item? (* to show all) (? for menu, Esc to quit)
Okay, then.
You closely miss the gnoll.
The gnoll is moderately wounded.
The gnoll misses you. The gnoll barely misses you.
You closely miss the gnoll.
The gnoll is moderately wounded.
The gnoll hits you from afar with a +3 halberd.
* * * LOW HITPOINT WARNING * * *
The gnoll barely misses you.
You hit the gnoll. You freeze the gnoll.
Your tail-slap misses the gnoll.
The gnoll is almost dead.
The gnoll hits you.
* * * LOW HITPOINT WARNING * * *
The gnoll hits you from afar with a +3 halberd!
You die...

#...# #...# #...# #...#
+...# +g..# #g..# #@..#
#...#
##########...###+##########
#..........................
.#####.#..................
#.#..................
#.#####.......#.#..## #.#
#....#..#.#..##
#.#####.##.#..#.#....


You could see 2 gnolls.

Vanquished Creatures
  2 adders (D:2 D:3)
  A gnoll (D:3)
  A worm (D:2)
  A dart slug (D:3)
  2 leopard geckos (D:2 D:3)
  An orc (D:3)
  4 giant cockroaches (D:1 D:2)
  9 goblins (D:1 D:2)
  5 hobgoblins (D:1 D:2)
  4 jackals (D:2)
  9 kobolds (D:1 D:2)
  2 ball pythons (D:2)
  7 bats (D:1 D:2 D:3)
  2 frilled lizards (D:1 D:2)
  10 rats (D:1 D:2)
60 creatures vanquished.

Notes
Turn   | Place    | Note
-------+----------+-------------------------------------------
     0 | D:1      | Monsterracer the Draconian Chaos Knight began the quest for
                  | the Orb.
     0 | D:1      | Reached XP level 1. HP: 19/19 MP: 1/1
   190 | D:1      | XOM: silly message
   192 | D:1      | Reached XP level 2. HP: 26/26 MP: 2/2
   276 | D:1      | XOM: mild Summ miscast
   277 | D:1      | Noticed a spatial vortex
   284 | D:1      | HP: 9/26 [spatial vortex[the capriciousness of Xom] (5)]
   567 | D:1      | XOM: divination: detect creatures
   595 | D:1      | Found a shattered altar of Ashenzari.
   868 | D:1      | Reached XP level 3. HP: 33/33 MP: 3/3
  1086 | D:2      | Found a stormy altar of Qazlal.
  1315 | D:2      | Found a snail-covered altar of Cheibriados.
  1341 | D:2      | Fell from the grace of Xom
  1341 | D:2      | Became a worshipper of Cheibriados the Contemplative
  1567 | D:2      | Found a radiant altar of Vehumet.
  1571 | D:2      | XOM: mild Conj miscast
  1766 | D:2      | Reached XP level 4. HP: 40/40 MP: 4/4
  2184 | D:3      | HP: 18/41 [gnoll/+3 halberd (17)]
  2188 | D:3      | HP: 7/41 [gnoll (4)]
  2188 | D:3      | Slain by a gnoll

Levels and vault maps discovered:
D:1:      nzn_arrival_crosshair, layout_loops_cross, evilmike_ruin_ashenzari
D:2:      layout_basic, nicolae_qazlal_general_emergency, cheibriados_altar_1,
          vehumet_crystals, first_ration, st_stairs_13
D:3:      layout_basic, lemuel_crystal_altar, st_stairs_10,
          kennysheep_generic_room_4

Skill      XL: |  1  2  3 |
---------------+----------+-----
Polearms       | 4 |  4.3
Fighting       | 4 |  4.7
Dodging        | |  2.1

Action                   |  1- 3 |  4- 6 || total
-------------------------+-------+-------++-------
Melee: Spear             |   117 |       ||   117
       Tailslap          |     7 |     5 ||    12
       Short sword       |    20 |    23 ||    43
 Stab: Sleeping          |     2 |       ||     2
       Paralysed         |     2 |       ||     2
       Distracted        |     1 |       ||     1
  Eat: Chunk             |     3 |     2 ||     5
Armor: Skin              |    23 |     3 ||    26
Dodge: Dodged            |    55 |    23 ||    78
